 Dungeon Crawl Stone Soup version 0.21-a0-444-g29a2fec (webtiles) character file.

136 Ijustatesigmund the Skirmisher (level 5, -5/38 HPs)
             Began as an Octopode Artificer on Nov 17, 2017.
             Was an Initiate of Okawaru.
             Slain by Grinder (6 damage)
             ... on level 3 of the Dungeon.
             The game lasted 00:06:25 (2981 turns).

Ijustatesigmund the Skirmisher (Octopode Artificer) Turns: 2981, Time: 00:06:26

Health: -5/38      AC:  1    Str: 11    XL:     5   Next: 19%
Magic:  7/7        EV: 13    Int: 13    God:    Okawaru [......]
Gold:   122        SH:  0    Dex: 11    Spells: 4/4 levels left

rFire    + . .     SeeInvis .   a - +0 mace
rCold    + . .     Gourm    .   (no shield)
rNeg     . . .     Faith    .   (helmet restricted)
rPois    +         Spirit   .   h - amulet of magic regeneration
rElec    +         Reflect  .   m - -3 ring of dexterity (curse)
rCorr    +         Harm     .   (no ring)
MR       .....                  (no ring)
Stlth    +++.......             (no ring)
HPRegen  0.12/turn              (no ring)
MPRegen  0.35/turn              (no ring)
                                (no ring)
                                (no ring)

@: resistant
A: almost no armour, stealthy swim, amphibious, 8 rings, constrict 8, camouflage
1, gelatinous body 1
a: Renounce Religion


You were on level 3 of the Dungeon.
You worshipped Okawaru.
Okawaru was noncommittal.
You were hungry.

You visited 1 branch of the dungeon, and saw 3 of its levels.

You collected 122 gold pieces.

Inventory:

Hand Weapons
 a - a +0 mace (weapon)
 e - a +0 blowgun
Missiles
 g - 15 poisoned needles
 n - 3 curare-tipped needles
Jewellery
 h - an amulet of magic regeneration (around mantle)
 m - a cursed -3 ring of dexterity (left tentacle)
Wands
 b - a wand of flame (12/48)
 c - a wand of enslavement (12/24)
 d - a wand of random effects (14/48)
 p - a wand of polymorph (13/24)
Scrolls
 j - a scroll of identify
 l - a scroll of teleportation
 o - 3 scrolls of remove curse
Potions
 i - 2 potions of brilliance
 k - 2 potions of heal wounds
 r - a potion of flight {unknown}
Comestibles
 f - 3 bread rations


   Skills:
 * Level 4.3 Fighting
   Level 1.0 Short Blades
 * Level 1.3 Maces & Flails
 + Level 0.8 Throwing
 - Level 2.0 Dodging
 - Level 1.3 Stealth
 - Level 3.2 Evocations


You had 4 spell levels left.
You didn't know any spells.

Dungeon Overview and Level Annotations

Branches:
Dungeon (3/15)

Altars:
Okawaru

Annotations:
D:3 Grinder


Innate Abilities, Weirdness & Mutations

You cannot wear most types of armour.
You are very stealthy in the water. (Stealth+)
You are amphibious.
You can wear up to eight rings at the same time.
You can use your tentacles to constrict eight enemies at once.
Your skin changes colour to match your surroundings (Stealth+).
Your rubbery body absorbs attacks. (AC +1, EV +1)


Message History

Press: ? - help, Shift-Dir - straight line, f/p - Grinder
Aim: Grinder (moderately wounded)
The puff of flame hits Grinder.
Grinder is heavily wounded.
This wand has 12 charges left.
You hit Grinder. You grab Grinder. You squeeze Grinder!
Grinder is severely wounded.
You constrict Grinder, but do no damage.
Grinder gestures at you.
You suddenly lose the ability to move!
You lose your grip on Grinder.
Grinder hits you!
You writhe in agony.
You can move again.
You hit Grinder but do no damage. Your grab misses Grinder.
Grinder is severely wounded.
Grinder hits you!
* * * LOW HITPOINT WARNING * * *
Grinder hits you!
* * * LOW HITPOINT WARNING * * *
You writhe in agony.
You die...

..#.....## #.#
..#####.# #.# #
... #.# ###.# #.#
####### .# #.#
....... ...###.###
.......
#..<....###.......
#.................
##.###..5@#.......
#. #..#.#....... #
##...#.......
.##....>.... ..
#...)##### ...
##...# .... ....
#.#


You could see Grinder.

Vanquished Creatures
  Jessica (D:2)
  4 adders
  2 worms
  A leopard gecko (D:1)
  2 ball pythons
  2 giant cockroaches
  7 goblins
  8 hobgoblins
  4 jackals
  7 kobolds
  3 quokkas
  6 bats
  8 frilled lizards
  10 rats
65 creatures vanquished.

Vanquished Creatures (collateral kills)
  A hobgoblin (D:1)
1 creature vanquished.

Vanquished Creatures (others)
  A jackal (D:2)
1 creature vanquished.

Grand Total: 67 creatures vanquished

Notes
Turn   | Place    | Note
-------+----------+-------------------------------------------
     0 | D:1      | Ijustatesigmund the Octopode Artificer began the quest for the Orb.
     0 | D:1      | Reached XP level 1. HP: 13/13 MP: 3/3
   176 | D:1      | Reached skill level 2 in Fighting
   176 | D:1      | Reached XP level 2. HP: 16/19 MP: 4/4
   981 | D:1      | Reached XP level 3. HP: 21/25 MP: 5/5
  1235 | D:1      | Reached skill level 3 in Fighting
  1464 | D:2      | Found an iron altar of Okawaru.
  1496 | D:2      | Became a worshipper of Warmaster Okawaru
  2121 | D:2      | Reached XP level 4. HP: 32/33 MP: 6/6
  2182 | D:2      | Reached skill level 4 in Fighting
  2500 | D:2      | Noticed Jessica
  2517 | D:2      | Killed Jessica
  2763 | D:2      | Reached skill level 1 in Maces & Flails
  2763 | D:2      | Reached XP level 5. HP: 37/37 MP: 7/7
  2972 | D:3      | Noticed Grinder
  2979 | D:3      | Paralysed by Grinder for 2 turns
  2981 | D:3      | HP: 1/38 [Grinder (9)]
  2981 | D:3      | Slain by Grinder

Vault maps used:
D:1:      dpeg_arrival_ratfight, nrook_mini_vaults, serial_bayou_crossing
D:2:      wad_river_or_something, okawaru_ov_weapons_minmay,
          kennysheep_jessica_study
D:3:      uniq_grinder

Skill      XL: |  1  2  3  4 |
---------------+-------------+-----
Fighting       | 2 3 4 |  4.3
Maces & Flails | 1 |  1.3
Short Blades   | |  1.0
Throwing       | |  0.8
Dodging        | |  2.0
Stealth        | |  1.3
Evocations     | |  3.2

Action                   |  1- 3 |  4- 6 || total
-------------------------+-------+-------++-------
Melee: Short sword       |   107 |    19 ||   126
       Constrict         |    25 |    14 ||    39
       Tentacles         |    13 |    10 ||    23
       Mace              |       |    36 ||    36
 Fire: Blowgun           |       |     3 ||     3
Evoke: Wand              |     3 |     4 ||     7
  Use: Scroll            |     5 |     2 ||     7
       Potion            |       |     1 ||     1
 Stab: Sleeping          |     7 |     2 ||     9
  Eat: Chunk             |     4 |     2 ||     6
Armor: Skin              |    10 |     2 ||    12
Dodge: Dodged            |    63 |    40 ||   103

Table legend:
 A = Spawn XP
 B = Non-spawn XP
 C = Spawn XP percentage of total XP
 D = Spawn monster count
 E = Non-spawn monster count
 F = Spawn count percentage of total count
 G = Total turns spent on level
                    A         B        C        D         E        F      G
               +---------+---------+-------+---------+---------+-------+---------
         Total |       0 |     195 |   0.0 |       0 |      66 |   0.0 |  2981
               +---------+---------+-------+---------+---------+-------+---------
           D:1 |       0 |      43 |   0.0 |       0 |      27 |   0.0 |  1656
           D:2 |       0 |     126 |   0.0 |       0 |      33 |   0.0 |  1219
           D:3 |       0 |      26 |   0.0 |       0 |       6 |   0.0 |   106
               +---------+---------+-------+---------+---------+-------+---------
